 Dungeon Crawl Stone Soup version 0.28.0-47-ge53b351184 (webtiles) character file.

Game seed: 17221361446139391808

59 H0rd4k the Magician (level 3, 0/19 HPs)
             Began as a Deep Elf Hedge Wizard on May 9, 2022.
             Slain by Natasha (2 damage)
             ... on level 2 of the Dungeon.
             The game lasted 00:01:49 (1561 turns).

H0rd4k the Magician (Deep Elf Hedge Wizard)         Turns: 1561, Time: 00:01:49

Health: 0/19       AC:  2    Str:  7    XL:     3   Next: 78%
Magic:  4/12       EV: 12    Int: 20    God:
Gold:   72         SH:  0    Dex: 14    Spells: 13/14 levels left

rFire   . . .      SeeInvis +   e - +1 dagger (venom)
rCold   . . .      Faith    .   (no shield)
rNeg    . . .      Spirit   .   b - +0 robe
rPois   .          Reflect  .   c - +0 hat
rElec   .          Harm     .   (no cloak)
rCorr   .          Rampage  .   (no gloves)
Will    .....                   (no boots)
Stlth   ++........              (no amulet)
HPRegen 0.06/turn               f - ring of see invisible
MPRegen 0.13/turn               (no ring)

@: very slightly contaminated, slowed, very slow
A: no striking features
a: no special abilities


You were on level 2 of the Dungeon.
You visited 1 branch of the dungeon, and saw 2 of its levels.

You collected 72 gold pieces.

Inventory:

Hand Weapons
 e - a +1 dagger of venom (weapon)
Armour
 b - a +0 robe (worn)
 c - a +0 hat (worn)
Jewellery
 f - a ring of see invisible (left hand)
Scrolls
 a - a scroll of summoning {unknown}
 d - 2 scrolls of identify {unknown}
 i - a scroll of enchant armour {unknown}
Potions
 g - a potion of flight {unknown}
 h - 2 potions of brilliance {unknown}


   Skills:
 + Level 0.1 Fighting
 + Level 0.2 Short Blades
 + Level 2.7 Dodging
 - Level 2.4 Stealth
 + Level 6.1 Spellcasting
 + Level 1.6 Conjurations
 + Level 1.1 Summonings
 + Level 1.1 Translocations


You had 13 spell levels left.
You knew the following spells:

 Your Spells              Type           Power      Damage    Failure   Level
a - Magic Dart            Conj           48%        1d5       5%          1

Your spell library contained the following spells:

 Spells                   Type           Power      Damage    Failure   Level
 Blink                    Tloc           20%        N/A       10%         2
 Call Imp                 Summ           10%        N/A       10%         2
 Slow                     Hex            24%        N/A       11%         1
 Conjure Flame            Conj/Fire      9%         6-21      22%         3
 Mephitic Cloud           Conj/Pois/Air  8%         N/A       24%         3


Dungeon Overview and Level Annotations

Branches:
Dungeon (2/15)

Altars:
Cheibriados

Shops:
D:1 *

Annotations:
D:2 Natasha


Message History

Natasha claws you.
* * * LOW HITPOINT WARNING * * *
Casting: Magic Dart (safe; 5% risk of failure)
Confirm with . or Enter, or press ? or * to list all spells.
Aiming: Magic Dart (safe; 5% risk of failure)
Press: ? - help, Shift-Dir - straight line, f/p - Natasha
Aim: Natasha (heavily wounded, 100% to hit)
The magic dart hits Natasha.
Natasha is severely wounded.
Natasha barely misses you.
Casting: Magic Dart (safe; 5% risk of failure)
Confirm with . or Enter, or press ? or * to list all spells.
Aiming: Magic Dart (safe; 5% risk of failure)
Press: ? - help, Shift-Dir - straight line, f/p - Natasha
Aim: Natasha (severely wounded, 100% to hit)
The magic dart hits Natasha.
Natasha is almost dead.
Natasha claws you.
* * * LOW HITPOINT WARNING * * *
Natasha closely misses you.
Casting: Magic Dart (safe; 5% risk of failure)
Confirm with . or Enter, or press ? or * to list all spells.
Aiming: Magic Dart (safe; 5% risk of failure)
Press: ? - help, Shift-Dir - straight line, f/p - Natasha
Aim: Natasha (almost dead, 100% to hit)
The magic dart hits Natasha but does no damage.
Natasha is almost dead.
Natasha stares at you and mumbles some strange words.
You feel as though you will be slow longer.
Your magical contamination has completely faded away.
Unknown command.
Casting: Magic Dart (safe; 5% risk of failure)
Confirm with . or Enter, or press ? or * to list all spells.
Aiming: Magic Dart (safe; 5% risk of failure)
Press: ? - help, Shift-Dir - straight line, f/p - Natasha
Aim: Natasha (almost dead, 100% to hit)
You miscast Magic Dart.
You are very lightly contaminated with residual magic.
Nothing appears to happen.
Natasha claws you.
You die...

.# ..
#.#######. .#
#. #.........
.# #.#
#........# .#
##.###.......##
.#
.............#
##...##......#
###..#......#
#..#..#####
.####...@##
.......h#####
.#..........#
###........#
#...._...#
###......#
#......##
####..#..##
..#####..##


You could see Natasha.

Vanquished Creatures
  Natasha (D:2)
  2 dart slugs (D:1)
  3 bats (D:1)
  3 endoplasms (D:1)
  A goblin (D:1)
  3 jackals (D:1)
  5 quokkas
  6 ball pythons (D:1)
  2 frilled lizards (D:1)
  2 kobolds (D:1)
28 creatures vanquished.

Notes
Turn   | Place    | Note
-------+----------+-------------------------------------------
     0 | D:1      | H0rd4k the Deep Elf Hedge Wizard began the quest for the
                  | Orb.
     0 | D:1      | Reached XP level 1. HP: 10/10 MP: 7/7
   273 | D:1      | Reached skill level 5 in Spellcasting
   273 | D:1      | Reached XP level 2. HP: 15/15 MP: 2/10
   797 | D:1      | Found Fyfin's General Store.
   959 | D:1      | Reached XP level 3. HP: 19/19 MP: 10/12
  1314 | D:2      | Found a snail-covered altar of Cheibriados.
  1352 | D:2      | Noticed Natasha
  1364 | D:2      | Killed Natasha
  1365 | D:2      | Reached skill level 6 in Spellcasting
  1496 | D:2      | Noticed Natasha
  1561 | D:2      | Slain by Natasha

Illustrated notes

Levels and vault maps discovered:
D:1:      psy_arrival_dodecagon, layout_basic, serial_shops, shop
D:2:      layout_rooms, basic_altar, basic_ecumenical_altar,
          serial_co_window_serial, co_window_cross_1, co_window_paths_a,
          co_window_of_opportunity_a, co_window_paths_a, co_window_paths_b,
          co_window_paths_b, co_window_paths_a, co_window_of_opportunity_a,
          co_window_paths_b, co_window_unsneaky_path_c, co_window_2corner,
          co_window_paths_c, co_window_2corner, glass_columns_b,
          glass_columns_c, glass_columns_a, glass_columns_c, uniq_natasha

Skill      XL: |  1  2  3 |
---------------+----------+-----
Spellcasting   | 5 6 |  6.1
Fighting       | |  0.1
Short Blades   | |  0.2
Dodging        | |  2.7
Stealth        | |  2.4
Conjurations   | |  1.6
Summonings     | |  1.1
Translocations | |  1.1

Action                   || total
-------------------------++-------
Melee: Dagger            ||    10
 Cast: Magic Dart        ||    85
Armor: Robe              ||     4
Dodge: Dodged            ||    35
